 Dungeon Crawl Stone Soup version 0.30-a0-218-gedb9141078 (webtiles) character file.

Game seed: 5438889997825203181

49 IdlyInterested the Trooper (level 3, 0/28 HPs)
             Began as a Demonspawn Wanderer on Oct 5, 2022.
             Slain by a gnoll
             ... wielding a +0 club
              (3 damage)
             ... on level 2 of the Dungeon.
             The game lasted 00:06:21 (1115 turns).

IdlyInterested the Trooper (Demonspawn Wanderer)    Turns: 1115, Time: 00:06:21

Health: 0/28       AC:  4    Str: 11    XL:     3   Next: 53%
Magic:  1/6        EV: 12    Int: 17    God:
Gold:   88         SH:  0    Dex: 11    Spells: 5/6 levels left

rFire   . . .      SeeInvis .    o - +0 dagger (drain)
rCold   . . .      Faith    .    (no shield)
rNeg    . . .      Spirit   .    c - +0 robe
rPois   .          Reflect  .    (helmet restricted)
rElec   .          Harm     .    d - +0 cloak
rCorr   .          Rampage  .    (no gloves)
Will    .....                    j - +0 pair of boots
Stlth   ++........               (no amulet)
HPRegen 0.24/turn                (no ring)
MPRegen 0.10/turn                (no ring)

@: no status effects
A: antennae 1, spiny 1
a: no special abilities


You were on level 2 of the Dungeon.
You visited 1 branch of the dungeon, and saw 2 of its levels.

You collected 88 gold pieces.

Inventory:

Hand Weapons
 a - a +0 club
 k - a +0 dagger
 m - a +0 short sword
 o - a +0 dagger of draining (weapon)
Missiles
 e - 8 stones
Armour
 c - a +0 robe (worn)
 d - a +0 cloak (worn)
 j - a +0 pair of boots (worn)
 n - a +0 ring mail
Scrolls
 f - a scroll of immolation {unknown}
 h - 4 scrolls of identify {unknown}
 l - a scroll of teleportation {unknown}
Potions
 b - a potion of heal wounds
 g - a potion of haste {unknown}
 i - 2 potions of curing {unknown}
 q - a potion of might {unknown}


   Skills:
 * Level 2.7 Fighting
 - Level 2.0 Dodging
 - Level 2.0 Stealth
 - Level 2.0 Spellcasting
 - Level 2.0 Translocations
 + Level 1.9 Fire Magic


You had 5 spell levels left.
You knew the following spells:

 Your Spells              Type           Power      Damage    Failure   Level
a - Foxfire               Conj/Fire      16%        2x1d4     13%         1

Your spell library contained the following spells:

 Spells                   Type           Power      Damage    Failure   Level
 Apportation              Tloc           16%        N/A       9%          1
 Lesser Beckoning         Tloc           16%        N/A       26%         3
 Kindle Blastsparks       Fire/Tloc/Air  12%        2d11      34%         3
 Passage of Golubria      Tloc           8%         N/A       63%         4


Dungeon Overview and Level Annotations

Branches:
Dungeon (2/15)

Altars:


Innate Abilities, Weirdness & Mutations

You have a pair of small antennae on your head.
You are partially covered in sharp spines.


Message History

The gnoll is poisoned.
The gnoll barely misses you.
Throw: dart (poison)
Press: ? - help, Shift-Dir - straight line, f/p - gnoll
Aim: a gnoll, wielding a +0 halberd (moderately wounded, 60% to hit)
You throw a poisoned dart. The poisoned dart hits the gnoll.
The gnoll is poisoned.
The gnoll is moderately wounded.
The gnoll misses you.
You don't have enough magic to cast this spell.
You don't have enough magic to cast this spell.
Throw: 10 stones
Press: ? - help, Shift-Dir - straight line, f/p - gnoll
Aim: a gnoll, wielding a +0 halberd (heavily wounded, poisoned, 60% to hit)
You throw a stone. The stone barely misses the gnoll.
The stone hits the gnoll but does no damage.
The gnoll closely misses you.
Throw: 9 stones
Press: ? - help, Shift-Dir - straight line, f/p - gnoll
Aim: a gnoll, wielding a +0 halberd (heavily wounded, poisoned, 60% to hit)
You throw a stone. The stone barely misses the gnoll.
The stone hits the gnoll.
The gnoll is lightly wounded.
The gnoll hits you from afar with a +0 halberd!
The gnoll misses you.
You closely miss the gnoll.
The gnoll is heavily wounded.
The gnoll is struck by your spines. The gnoll hits you with a +0 halberd!
* * * LOW HITPOINT WARNING * * *
Your magical contamination has completely faded away.
You closely miss the gnoll.
The gnoll is severely wounded.
The gnoll looks more healthy.
The gnoll completely misses you.
You closely miss the gnoll.
The gnoll is severely wounded.
The gnoll is struck by your spines.
You kill the gnoll!
You barely miss the gnoll.
The gnoll is lightly wounded.
The gnoll is struck by your spines. The gnoll hits you with a +0 club.
You die...

#....# ##.......##..
#....# #.......##.#
#....# #........#..
g...# ###+####.#.# ...#
#...<..... .g#
#..#.#.#.# #.# #.
#.....# .. #g#
....#...#.. ..##
#@########.....#..
....###.................
#.....########....##.#
#.....# #.........
###.....# #.##......
#.......# #.#.......
#.......### #.#.......
#.........### #.#....†..
#......##...# #.#.......


You could see 2 gnolls.

Vanquished Creatures
  2 gnolls (D:2)
  3 endoplasms (D:1)
  4 giant cockroaches (D:1)
  A hobgoblin (D:2)
  2 jackals (D:1)
  A quokka (D:1)
  6 ball pythons (D:1)
  A bat (D:1)
  3 frilled lizards (D:1)
  3 goblins (D:1)
  A kobold (D:1)
  2 rats (D:1)
29 creatures vanquished.

Vanquished Creatures (others)
  66 foxfires
66 creatures vanquished.

Grand Total: 95 creatures vanquished

Notes
Turn   | Place    | Note
-------+----------+-------------------------------------------
     0 | D:1      | IdlyInterested the Demonspawn Wanderer began the quest for
                  | the Orb.
     0 | D:1      | IdlyInterested set off with the following items: a +0 club,
                  | a potion of heal wounds, a +0 robe, a +0 cloak; and the
                  | following spells available to memorise: Apportation,
                  | Foxfire, Lesser Beckoning, Kindle Blastsparks, Passage of
                  | Golubria.
     0 | D:1      | Reached XP level 1. HP: 13/13 MP: 3/3
     7 | D:1      | Learned a level 1 spell: Foxfire
   128 | D:1      | Reached skill level 1 in Fighting
   169 | D:1      | Gained mutation: You have a pair of small antennae on your
                  | head. [demonic ancestry]
   169 | D:1      | Reached XP level 2. HP: 21/21 MP: 1/5
   972 | D:2      | Found a faded altar of an unknown god.
  1051 | D:2      | Gained mutation: You are partially covered in sharp spines.
                  | [demonic ancestry]
  1051 | D:2      | Reached XP level 3. HP: 25/27 MP: 4/6
  1115 | D:2      | Slain by a gnoll

Illustrated notes

Levels and vault maps discovered:
D:1:      lightli_arrival_boilingwater, layout_rooms
D:2:      layout_basic, ebering_ecumenical_altar_sacrificial

Skill      XL: |  1  2  3 |
---------------+----------+-----
Fighting       | 1 2 |  2.7
Dodging        | 2 |  2.0
Stealth        | 2 |  2.0
Translocations | 2 |  2.0
Spellcasting   | |  2.0
Fire Magic     | |  1.9

Action                   || total
-------------------------++-------
Melee: Club              ||    24
       Short sword       ||     7
       Dagger            ||     8
Throw: Dart              ||     2
       Stone             ||     2
 Cast: Foxfire           ||    38
 Stab: Sleeping          ||     1
Armor: Robe              ||     9
       Ring mail         ||     2
Dodge: Dodged            ||    37

Table legend: (Time is in decaauts)
 A = Elapsed time spent in this place.
 B = Non-inter-level travel time spent in this place.
 C = Inter-level travel time spent in this place.
 D = Time resting spent in this place.
 E = Time spent auto-exploring this place.
 F = Levels seen in this place.
 G = Mean time per level.
                   A        B        C        D        E       F      G
               +--------+--------+--------+--------+--------+-----+--------+
         Total |   1127 |   1005 |    122 |    244 |    338 |   2 |  563.5 |
       Dungeon |   1127 |   1005 |    122 |    244 |    338 |   2 |  563.5 |
               +--------+--------+--------+--------+--------+-----+--------+

Top non-repeatable levels by time:
     D:1: 963 daAuts
     D:2: 164 daAuts
